 Dungeon Crawl Stone Soup version 0.28.0-53-g5a82cb258f (webtiles) character file.

Game seed: 5580429194796267765

260 firemarshallily the Sneak (level 6, 0/42 HPs)
             Began as an Octopode Brigand on June 28, 2022.
             Was a Believer of Lugonu.
             Slain by a jelly (2 damage)
             ... on level 3 of the Dungeon.
             The game lasted 00:08:05 (3270 turns).

firemarshallily the Sneak (Octopode Brigand)        Turns: 3270, Time: 00:08:06

Health: 0/42       AC: -3    Str: 10    XL:     6   Next: 17%
Magic:  6/6        EV: 13    Int: 13    God:    Lugonu [**....]
Gold:   48         SH:  0    Dex: 16    Spells: 5/5 levels left

rFire   . . .      SeeInvis .   a - +2 dagger
rCold   . . .      Faith    .   (no shield)
rNeg    . . .      Spirit   .   (helmet restricted)
rPois   .          Reflect  .   (no amulet)
rElec   .          Harm     .   (no ring)
rCorr   .          Rampage  .   (no ring)
Will    .....                   (no ring)
Stlth   ++++......              (no ring)
HPRegen 0.14/turn               (no ring)
MPRegen 0.10/turn               (no ring)
                                (no ring)
                                (no ring)

@: corroded
A: almost no armour, amphibious, 8 rings, camouflage 1, gelatinous body 1,
(nimble swimmer 1), tentacles
a: Renounce Religion, Depart the Abyss, Bend Space


You were on level 3 of the Dungeon.
You worshipped Lugonu.
Lugonu was pleased with you.
You visited 1 branch of the dungeon, and saw 3 of its levels.

You collected 87 gold pieces.
You spent 39 gold pieces at shops.

Inventory:

Hand Weapons
 a - a +2 dagger (weapon)
Missiles
 b - 13 poisoned darts (quivered)
 c - 8 curare-tipped darts
 f - 62 stones
Scrolls
 d - a scroll of vulnerability {unknown}
 e - a scroll of fog {unknown}
 j - a scroll of magic mapping {unknown}
Potions
 g - a potion of ambrosia
 h - a potion of curing
 i - a potion of attraction


   Skills:
 + Level 3.5 Fighting
 * Level 4.6 Short Blades
 - Level 2.0 Throwing
 - Level 1.0 Dodging
 + Level 6.8 Stealth


You had 5 spell levels left.
You didn't know any spells.
Your spell library contained the following spells:

 Spells                   Type           Power      Damage    Failure   Level
 Sting                    Tmut/Pois      0%         1d3       30%         1
 Poisonous Vapours        Pois/Air       0%         N/A       43%         2
 Olgreb's Toxic Radiance  Pois           0%         N/A       97%         4


Dungeon Overview and Level Annotations

Branches:
Dungeon (3/15)

Altars:
Lugonu

Shops:
D:3 !

Annotations:
D:3 Sigmund


Innate Abilities, Weirdness & Mutations

You cannot wear most types of armour.
You are amphibious.
You can wear up to eight rings at the same time.
Your skin changes colour to match your surroundings (Stealth+).
Your rubbery body absorbs attacks. (AC +1, EV +1)
((You are camouflaged when in or above water. (Stealth+)))
You have tentacles for arms and can constrict up to eight enemies at once.


Message History

You miss the adder. Your grab misses the adder. Your squeeze misses the adder.
You feel sick. The frilled lizard barely misses you. The adder bites you.
You hit the frilled lizard.
You kill the frilled lizard!
Lugonu accepts your kill.
You feel sick. The adder bites you.
You are more poisoned.
The adder poisons you!
You hit the adder. You grab the adder. You squeeze the adder.
The adder is severely wounded.
You constrict the adder.
You feel sick. The adder bites you.
You are more poisoned.
The adder poisons you!
You hit the adder.
You kill the adder!
Lugonu accepts your kill.
You feel sick.
You feel sick.
You start resting.
You feel sick. x7
You are no longer poisoned.
You start resting.
A jelly comes into view.
You see here a frilled lizard corpse.
The jelly closely misses you.
You hit the jelly.
Your tentacles burn!
* * * LOW HITPOINT WARNING * * *
The jelly is lightly wounded.
The jelly hits you.
* * * LOW HITPOINT WARNING * * *
The acid corrodes you!
You are splashed with acid!
* * * LOW HITPOINT WARNING * * *
You hit the jelly. The acid corrodes you!
Your tentacles burn!
* * * LOW HITPOINT WARNING * * *
The jelly is moderately wounded.
The jelly closely misses you.
Unknown command.
You barely miss the jelly.
The jelly is moderately wounded.
The jelly hits you.
You die...

#.....# #.......(.....
#.....# #............#
#.....# #######.##.###
#.....# ##..#.#
#.....# #...#.#
#.....# #...#.#
#....†# ##...#.#
#.....# #....#.#
#....@# #......###
#....J#######.##......
#............>........
#####..........#######
#..........#
#..........#
#.......[..#
#..........#
#........[.#


You could see a jelly.

Vanquished Creatures
  An ogre (D:3)
  Crazy Yiuf (D:3)
  Terence (D:2)
  Robin (D:2)
  2 adders
  An ufetubus (D:3)
  3 dart slugs (D:1)
  3 orcs (D:3)
  6 ball pythons
  9 bats
  2 endoplasms
  A giant cockroach (D:1)
  12 goblins
  5 hobgoblins
  4 jackals (D:1)
  6 quokkas
  9 frilled lizards
  3 kobolds (D:1)
  9 rats
79 creatures vanquished.

Notes
Turn   | Place    | Note
-------+----------+-------------------------------------------
     0 | D:1      | firemarshallily the Octopode Brigand began the quest for
                  | the Orb.
     0 | D:1      | Reached XP level 1. HP: 14/14 MP: 1/1
   308 | D:1      | Reached XP level 2. HP: 19/19 MP: 2/2
   760 | D:1      | Reached XP level 3. HP: 11/25 MP: 3/3
  1740 | D:2      | Noticed Terence
  1751 | D:2      | Killed Terence
  1752 | D:2      | Reached skill level 6 in Stealth
  1752 | D:2      | Reached XP level 4. HP: 11/30 MP: 4/4
  1975 | D:2      | Found a faded altar of an unknown god.
  1983 | D:2      | Prayed at the altar of an unknown god.
  1983 | D:2      | Became a worshipper of Lugonu the Unformed
  1983 | D:2      | Reached * piety under Lugonu
  1983 | D:2      | Reached ** piety under Lugonu
  2511 | D:2      | Noticed Robin
  2572 | D:2      | Killed Robin
  2573 | D:2      | Reached XP level 5. HP: 23/36 MP: 5/5
  2720 | D:3      | Found Hesur's Distillery.
  2745 | D:3      | Bought a potion of curing for 39 gold pieces
  2976 | D:3      | Noticed Sigmund
  3043 | D:3      | Noticed an ogre
  3049 | D:3      | Killed an ogre
  3118 | D:3      | Found a runed translucent door.
  3119 | D:3      | Noticed Crazy Yiuf
  3130 | D:3      | Killed Crazy Yiuf
  3131 | D:3      | Reached XP level 6. HP: 31/42 MP: 6/6
  3269 | D:3      | HP: 2/42 [acid (1)]
  3270 | D:3      | Slain by a jelly

Illustrated notes

Levels and vault maps discovered:
D:1:      amcnicky_arrival_gap_in_the_tavern_cellar, layout_basic
D:2:      layout_loops_cross, hellmonk_ecumenical_altar_run_dry,
          grunt_decor_resistance, uniq_robin, uniq_terence
D:3:      layout_basic, serial_shops, nicolae_shop_statue_plus,
          uniq_crazy_yiuf_cottage, uniq_sigmund

Skill      XL: |  1  2  3  4  5 |
---------------+----------------+-----
Short Blades   | 3 4 |  4.6
Stealth        | 6 |  6.8
Fighting       | 3 |  3.5
Throwing       | |  2.0
Dodging        | |  1.0

Action                   |  1- 3 |  4- 6 || total
-------------------------+-------+-------++-------
Melee: Dagger            |    87 |    63 ||   150
       Constrict         |    17 |    16 ||    33
       Tentacles         |    10 |     9 ||    19
       Punch             |       |     3 ||     3
  Use: Scroll            |       |     2 ||     2
 Stab: Sleeping          |    13 |    10 ||    23
Armor: Skin              |    11 |     2 ||    13
Dodge: Dodged            |    58 |    30 ||    88
